 Dungeon Crawl Stone Soup version 0.31-a0-1202-ga8fea8b373 (webtiles) character file.

Game seed: 15006625772445067442

430 kae the Sneak (level 6, -1/44 HPs)
             Began as a Demonspawn Enchanter on Dec 12, 2023.
             Slain by Menkaure (13 damage)
             ... on level 4 of the Dungeon.
             The game lasted 00:02:36 (3434 turns).

kae the Sneak (Demonspawn Enchanter)                Turns: 3434, Time: 00:02:36

Health: -1/44      AC:  2    Str:  9    XL:     6   Next: 66%
Magic:  0/10       EV: 24    Int: 15    God:
Gold:   204        SH:  0    Dex: 15    Spells: 6/11 levels left

rFire   . . .        a - +2 short sword (venom)
rCold   . . .        (no shield)
rNeg    . . .        d - +0 robe
rPois   .            (helmet restricted)
rElec   .            (no cloak)
rCorr   .            (no gloves)
SInv    .            (no boots)
Will    .....        G - amulet of guardian spirit
Stlth   +++          q - ring of the Hare {EV+10}
HPRegen 0.27/turn    (no ring)
MPRegen 0.12/turn

%: guardian spirit
@: confusing by touch
A: horns 2, repulsion field 1, spiny 1
a: no special abilities


You were on level 4 of the Dungeon.
You visited 1 branch of the dungeon, and saw 4 of its levels.

You collected 204 gold pieces.


Innate Abilities, Weirdness & Mutations

You have a pair of horns on your head.
You are surrounded by a mild repulsion field. (EV +2)
You are partially covered in sharp spines.


   Skills:
 + Level 2.3 Fighting
 * Level 3.1 Short Blades
 - Level 1.7 Dodging
 * Level 4.4 Stealth
 + Level 3.0 Spellcasting
 + Level 3.8 Hexes
 + Level 1.5 Ice Magic


You had 6 spell levels left.
You knew the following spells:

 Your Spells              Type           Power      Damage    Failure   Level
a - Ensorcelled Hibernat  Hex/Ice        20%        N/A       10%         2
b - Confusing Touch       Hex            13%        N/A       13%         3

Your spell library contained the following spells:

 Spells                   Type           Power      Damage    Failure   Level
 Jinxbite                 Hex            26%        N/A       6%          2
 Tukima's Dance           Hex            13%        N/A       13%         3
 Apportation              Tloc           4%         N/A       21%         1
 Dazzling Flash           Conj/Hex       14%        N/A       28%         3
 Alistair's Intoxication  Tmut/Pois      1%         N/A       99%         5

Inventory:

Hand Weapons
 a - a +2 short sword of venom (weapon)
   (You took it off a kobold on level 1 of the Dungeon)
 b - a +5 dagger of chaos
   (You took it off a goblin on level 1 of the Dungeon)
 g - a +1 dagger
Missiles
 h - 22 stones
 j - 3 poisoned darts
 n - 5 boomerangs
 o - 8 javelins
Armour
 d - a +0 robe (worn)
Jewellery
 q - the ring of the Hare (left hand) {EV+10}
   (You acquired it on level 4 of the Dungeon)

   [ring of evasion]

   EV+10:     It affects your evasion (+10).
 G - an amulet of guardian spirit (around neck)
   (You found it on level 1 of the Dungeon)
Wands
 m - a wand of iceblast (12)
   (You found it on level 3 of the Dungeon)
 u - a wand of flame (49)
   (You found it on level 3 of the Dungeon)
 x - a wand of charming (7)
   (You found it on level 4 of the Dungeon)
Scrolls
 i - 2 scrolls of enchant weapon
 r - a scroll of identify {@r1}
 t - a scroll of fog {unknown}
Potions
 c - 2 potions of invisibility
 e - 2 potions of heal wounds {unknown}
 f - 2 potions of enlightenment
 k - 2 potions of cancellation {unknown}
 l - a potion of mutation {unknown}
 p - 2 potions of lignification {unknown}
 s - a potion of berserk rage {unknown}
 v - a potion of attraction {unknown}
 w - a potion of curing {unknown}

Dungeon Overview and Level Annotations

Branches:
Dungeon (4/15) Zot: 20587
 Temple: D:4-7

Altars:
Fedhas
Gozag

Shops:
D:4 =

Annotations:
D:4 Menkaure

####.#### #.#
####.###########
#...............
#.##.##.########
#. #....# #.
####.# #M#####.#
#.@.....#
#########


You could see Menkaure.


Message History

The adder completely misses you.
An adder is nearby!
You miss the adder. The adder is struck by your spines.
The adder completely misses you.
You hit the adder.
The adder is poisoned.
The adder completely misses you.
An adder is nearby!
An adder is nearby!
You miss the adder. You headbutt the adder.
You kill the adder!
No target in view!
w - a fuming golden potion No target in view!
No target in view!
You now have 178 gold pieces (gained 13).
You see here a hobgoblin corpse.
You see here a giant cockroach corpse.
Key pressed, stopping explore.
No target in view!
No target in view!
Found an escape hatch in the floor.
No target in view!
No target in view!
You now have 190 gold pieces (gained 12).
Key pressed, stopping explore.
No target in view!
No target in view!
You now have 204 gold pieces (gained 14).
An orc comes into view. It is wielding a +0 mace.
Found a stone staircase leading up.
An orc is nearby!
An orc is nearby!
An orc comes into view. It is wielding a +0 whip.
The orc shouts!
An adder comes into view.
There are monsters nearby!
The orc is struck by your spines. The orc completely misses you.
You barely miss the orc.
The orc shouts!
You headbutt the orc, but do no damage. The orc is struck by your spines.
The orc misses you.
There are monsters nearby!
You hit the orc but do no damage.
The orc is poisoned.
You headbutt the orc. The orc is struck by your spines.
You kill the orc!
You hit the orc. The orc misses you.
There are monsters nearby!
You hit the orc.
You kill the orc!
You hit the adder. You headbutt the adder! The adder completely misses you.
An adder is nearby!
You hit the adder.
You kill the adder!
No target in view!
u - a wand of flame (49) (gained 27 charges)
You see here a +0 leather armour.
Found Xagappuc's Jewellery Emporium.
No target in view!
No target in view!
There is an entrance to Xagappuc's Jewellery Emporium here.
Okay, then.
You can access your shopping list by pressing '$'.
There is an entrance to Xagappuc's Jewellery Emporium here.
x - a wand of charming (7) Key pressed, stopping explore.
No target in view!
No target in view!
Menkaure, Prince of Dust comes into view.
Menkaure shouts!
Menkaure calls on the powers of darkness!
Your body is wracked with pain! 😮 HP[-18] MP[-3]
You take 18 damage, and now have 26/44 hp.
MASSIVE DAMAGE!! (PAUSE)
You lost 3 mp, and now have 7/10 mp.
Cast which spell? (? or * to list)
Your hands begin to glow red.
Menkaure calls on the powers of darkness!
Your body is wracked with pain!
* * * LOW HITPOINT WARNING * * *
😨 HP[-9] MP[-5]
You take 9 damage, and now have 17/44 hp.
MASSIVE DAMAGE!! (PAUSE)
You lost 5 mp, and now have 2/10 mp.
Unknown command.
You hit Menkaure but do no damage.
Menkaure calls on the powers of darkness!
Your body is wracked with pain!
* * * LOW HITPOINT WARNING * * *
😱 HP[-6] MP[-1]
You take 6 damage, and now have 11/44 hp.
You lost 1 mp, and now have 1/10 mp.
You hit Menkaure but do no damage.
Menkaure gestures at you while chanting.
You barely resist. 😨 HP[+1] Unknown command.
You barely miss Menkaure.
Unknown command.
You barely miss Menkaure. Menkaure hits you!
You die...

Skill      XL: |  1  2  3  4  5  6 |
---------------+-------------------+-----
Short Blades   | 1 2 3 |  3.1
Stealth        | 3 4 |  4.4
Fighting       | 1 2 |  2.3
Ice Magic      | 1 |  1.5
Spellcasting   | 3 |  3.0
Dodging        | |  1.7
Hexes          | |  3.8

Action                     |  1- 3 |  4- 6 || total
---------------------------+-------+-------++-------
  Melee: Dagger            |    34 |       ||    34
         Short sword       |    52 |   110 ||   162
         Headbutt          |     4 |    18 ||    22
         Punch             |     1 |       ||     1
   Cast: Confusing Touch   |       |     1 ||     1
    Use: Scroll            |     1 |     7 ||     8
   Stab: Sleeping          |     3 |     5 ||     8
 Armour: Robe              |    41 |    30 ||    71
  Dodge: Dodged            |    49 |    75 ||   124

Levels and vault maps discovered:
D:1:      nicolae_arrival_memento_mori, layout_rooms,
          minmay_misc_feat_more_columns
D:2:      layout_basic, kennysheep_generic_room_10
D:3:      layout_basic, nicolae_gozag_seed_capital, lemuel_tele_altar
D:4:      layout_loops_cross, serial_shops, shop, corexii_checkpoint,
          uniq_menkaure

Notes
Turn   | Place    | Note
-------+----------+-------------------------------------------
     0 | D:1      | kae the Demonspawn Enchanter began the quest for the Orb.
     0 | D:1      | Reached XP level 1. HP: 13/13 MP: 3/3
     0 | D:1      | magus.rc [v1.11.3]
   129 | D:1      | Reached skill level 1 in Short Blades
   176 | D:1      | HP: 1/13 [hobgoblin (3)]
   178 | D:1      | Gained mutation: You are surrounded by a mild repulsion
                  | field. (EV +2) [demonic ancestry]
   178 | D:1      | Reached XP level 2. HP: 2/20 MP: 5/5
   375 | D:1      | HP: 5/20 [poisoned by a kobold]
   562 | D:1      | Reached skill level 3 in Stealth
   787 | D:2      | Gained mutation: You have a pair of small horns on your
                  | head. [demonic ancestry]
   787 | D:2      | Reached XP level 3. HP: 25/25 MP: 6/6
  1008 | D:2      | Learned a level 2 spell: Ensorcelled Hibernation
  1012 | D:2      | Learned a level 3 spell: Confusing Touch
  1079 | D:2      | Reached skill level 1 in Fighting
  1710 | D:2      | Reached XP level 4. HP: 30/32 MP: 7/7
  1835 | D:3      | Reached skill level 2 in Short Blades
  1920 | D:3      | You pick up a book of Party Tricks and begin reading...
  1920 | D:3      | You add the spells Apportation, Jinxbite and Alistair's
                  | Intoxication to your library.
  2167 | D:3      | Found a blossoming altar of Fedhas.
  2212 | D:3      | Found an opulent altar of Gozag.
  2246 | D:3      | Gained mutation: You have a pair of horns on your head.
                  | [demonic ancestry]
  2246 | D:3      | Reached XP level 5. HP: 31/38 MP: 8/8
  2399 | D:3      | Identified the +1 quarterstaff "Road Dienah" {speed, rPois}
  2845 | D:4      | Identified a scroll of acquirement
  2845 | D:4      | Acquired the ring of the Hare {EV+10}
  2845 | D:4      | Found the ring of the Hare {EV+10}
  2858 | D:4      | Reached skill level 1 in Ice Magic
  2940 | D:4      | Reached skill level 2 in Fighting
  2940 | D:4      | Reached skill level 4 in Stealth
  2940 | D:4      | Gained mutation: You are partially covered in sharp spines.
                  | [demonic ancestry]
  2940 | D:4      | Reached XP level 6. HP: 32/44 MP: 6/10
  3115 | D:4      | Reached skill level 3 in Short Blades
  3115 | D:4      | Reached skill level 3 in Spellcasting
  3391 | D:4      | Found Xagappuc's Jewellery Emporium.
  3426 | D:4      | Noticed Menkaure
  3431 | D:4      | HP: 11/44 [??? (6)]
  3434 | D:4      | Slain by Menkaure

Vanquished Creatures
  An ogre (D:4)
  A scorpion (D:4)
  A jelly (D:3)
  A gnoll bouda (D:4)
  2 hounds
  3 gnolls (D:4)
  8 adders
  4 orcs
  7 bats
  6 endoplasms
  3 giant cockroaches
  7 hobgoblins
  3 jackals (D:1)
  2 quokkas
  2 ball pythons
  4 frilled lizards
  7 goblins
  5 kobolds
  3 rats
70 creatures vanquished.

Table legend:
 A = Non-vault XP
 B = Vault XP
 C = Vault XP percentage of total XP
 D = Non-vault monster count
 E = Vault monster count
 F = Vault count percentage of total count
                 A         B        C        D         E       F
            +---------+---------+-------+---------+---------+-------
      Total |     609 |       6 |   1.0 |      66 |       4 |   5.7
            +---------+---------+-------+---------+---------+-------
        D:1 |      28 |       0 |   0.0 |      16 |       0 |   0.0
        D:2 |      67 |       2 |   2.9 |      13 |       2 |  13.3
        D:3 |     142 |       0 |   0.0 |      21 |       0 |   0.0
        D:4 |     372 |       4 |   1.1 |      16 |       2 |  11.1
            +---------+---------+-------+---------+---------+-------

Skill      XL: |  1  2  3  4  5  6 |
---------------+-------------------+-----
Short Blades   | 1 2 3 |  3.1
Stealth        | 3 4 |  4.4
Fighting       | 1 2 |  2.3
Ice Magic      | 1 |  1.5
Spellcasting   | 3 |  3.0
Dodging        | |  1.7
Hexes          | |  3.8

Action                     |  1- 3 |  4- 6 || total
---------------------------+-------+-------++-------
  Melee: Dagger            |    34 |       ||    34
         Short sword       |    52 |   110 ||   162
         Headbutt          |     4 |    18 ||    22
         Punch             |     1 |       ||     1
   Cast: Confusing Touch   |       |     1 ||     1
    Use: Scroll            |     1 |     7 ||     8
   Stab: Sleeping          |     3 |     5 ||     8
 Armour: Robe              |    41 |    30 ||    71
  Dodge: Dodged            |    49 |    75 ||   124

Illustrated notes

Table legend:
 A = Kills in this place as a percentage of kills in the entire game.
 B = Kills by you in this place as a percentage of kills by you in the entire game.
 C = Kills by friends in this place as a percentage of kills by friends in the entire game.
 D = Other kills in this place as a percentage of other kills in the entire game.
 E = Experience gained in this place as a percentage of experience gained in the entire game.
 F = Experience gained in this place divided by the number of levels of this place that you have seen.
                   A       B       C       D       E      F
               +-------+-------+-------+-------+-------+----------------------
         Total | 100.0 | 100.0 |   N/A |   N/A | 100.0 | 153.8
       Dungeon | 100.0 | 100.0 |   N/A |   N/A | 100.0 | 153.8
               +-------+-------+-------+-------+-------+----------------------

Table legend: (Time is in decaauts)
 A = Elapsed time spent in this place.
 B = Non-inter-level travel time spent in this place.
 C = Inter-level travel time spent in this place.
 D = Time resting spent in this place.
 E = Time spent auto-exploring this place.
 F = Levels seen in this place.
 G = Mean time per level.
                   A        B        C        D        E       F      G
               +--------+--------+--------+--------+--------+-----+--------+
         Total |   3411 |   3295 |    116 |     65 |   2745 |   4 |  852.8 |
       Dungeon |   3411 |   3295 |    116 |     65 |   2745 |   4 |  852.8 |
               +--------+--------+--------+--------+--------+-----+--------+

Top non-repeatable levels by time:
     D:2: 1075 daAuts
     D:3: 1020 daAuts
     D:1: 724 daAuts
     D:4: 591 daAuts
